Map: Blackburn LE

Players

ViBE - Winner!

  • Race: Zerg Zerg
  • League: Diamond

ProtossBigot

  • Race: Protoss Protoss
  • League: Diamond

VOD

Have the link to the VOD?

Description

Time

  • Played on: April 11, 2021, 1:50 a.m.
  • Length: 7:02
Show
View Real Time Build Order
Export as new Build Order

ViBE Zerg - Winner!

Build Orders: Hatch First 

Get SALT Encoding   

  12  0:00  Drone  
  13  0:13  Overlord  
  13  0:18  Drone  
  14  0:31  Drone  
  14  0:32  Drone  
  16  0:52  Hatchery  
  16  0:55  Drone  
  16  0:59  Drone  
  17  1:07  Drone  
  18  1:15  Spawning Pool  
  18  1:25  Drone  
  18  1:30  Drone  
  19  1:34  Drone  
  20  1:44  Extractor  
  19  1:48  Drone  
  19  1:53  Drone  
  22  1:59  Hatchery  
  21  2:01  Drone  
  21  2:04  Roach Warren  
  21  2:11  Overlord  
  21  2:16  Extractor, Queen  
  23  2:27  Extractor  
  22  2:35  Overlord  
  22  2:46  Roach x2  
  26  2:55  Roach  
  29  3:09  Hatchery  
  28  3:14  Ravager  
  28  3:15  Ravager  
  28  3:17  Overlord  
  28  3:19  Queen  
  32  3:29  Ravager  
  32  3:33  Drone  
  32  3:34  Drone  
  35  3:36  Drone  
  36  4:14  Drone x3  
  39  4:24  Queen  
  39  4:25  Drone  
  39  4:40  Drone x5  
  43  4:50  Drone x2  
  45  4:53  Hatchery  
  45  4:59  Drone x2  
  46  5:05  Drone  
  46  5:09  Queen  
  46  5:12  Drone  
  46  5:16  Drone x4  
  50  5:27  Drone  
  50  5:28  Drone  
  51  5:38  Drone  
  52  5:48  Overlord x3  
  52  5:52  Lair  
  52  6:05  Drone, Evolution Chamber x2, Baneling Nest  
  52  6:06  Drone x5  
  54  6:18  Roach x3  
  60  6:21  Roach x4  
  68  6:25  Queen  
  68  6:29  Roach x2  
  74  6:34  Roach  
  73  6:40  Roach x4  
Show
View Real Time Build Order
Export as new Build Order

ProtossBigot Protoss 

Build Orders: Cannon Rush 

Get SALT Encoding   

  12  0:00  Probe (Chrono Boost)  
  13  0:10  Probe (Chrono Boost)  
  14  0:15  Probe (Chrono Boost)  
  15  0:23  Pylon  
  15  0:41  Probe  
  16  0:46  Forge  
  16  0:53  Probe, Assimilator  
  17  1:11  Probe  
  18  1:21  Pylon  
  18  1:23  Pylon  
  18  1:24  Pylon  
  18  1:26  Probe  
  19  1:40  Pylon  
  19  1:45  Photon Cannon  
  19  1:49  Photon Cannon  
  19  1:55  Gateway  
  19  1:59  Photon Cannon  
  19  2:08  Pylon  
  19  2:18  Probe  
  19  2:19  Assimilator  
  20  2:30  Probe  
  21  2:42  Probe  
  22  2:44  Cybernetics Core  
  22  2:54  Probe  
  22  2:57  Photon Cannon  
  23  3:08  Probe  
  24  3:12  Gateway  
  24  3:16  Pylon  
  24  3:21  Pylon  
  24  3:23  Warp Gate (Chrono Boost)  
  24  3:25  Stalker (Chrono Boost)  
  26  3:51  Pylon  
  26  3:53  Shield Battery  
  26  4:00  Pylon  
  24  4:05  Photon Cannon  
  24  4:22  Photon Cannon  
  24  4:23  Gateway  
  23  4:25  Shield Battery  
  23  4:27  Pylon  
  23  4:34  Gateway  
  22  4:53  Gateway  
  22  5:04  Stalker  
  22  5:15  Stalker  
  24  5:27  Probe  
  25  5:30  Stalker  
  27  5:39  Probe  
  26  5:47  Zealot  
  26  5:53  Twilight Council  
  26  5:54  Stalker x2  
  30  6:01  Pylon  
  30  6:05  Shield Battery  
  30  6:11  Zealot  
  32  6:13  Shield Battery  
  32  6:24  Gateway  
  32  6:32  Shield Battery  
  32  6:33  Pylon  
  30  6:41  Zealot  
  30  6:42  Zealot  
Tags
 
Add a new tag
Caveats
  • Supply blocks, unpowered buildings, or Contaminate may cause inaccurate times.
  • Supply counts are checked every 10 seconds.